 Dungeon Crawl Stone Soup version 0.30.1-4-g462c640d31 (webtiles) character file.

Game seed: 2633352455777653153

521 Nick1 the Shield-Bearer (level 7, -3/55 HPs)
             Began as a Formicid Fighter on Sept 17, 2023.
             Slain by Pikel
             ... wielding a +0 whip of electrocution
              (11 damage)
             ... on level 4 of the Dungeon.
             The game lasted 00:09:15 (2249 turns).

Nick1 the Shield-Bearer (Formicid Fighter)          Turns: 2249, Time: 00:09:16

Health: -3/55      AC: 14    Str: 25    XL:     7   Next: 46%
Magic:  7/7        EV:  8    Int:  8    God:
Gold:   219        SH: 10    Dex: 13    Spells: 6/6 levels left

rFire   . . .        u - +9 hammer "Buskaruo" {flame, rC+ Str+3}
rCold   + . .        c - +0 buckler
rNeg    . . .        p - +0 chain mail
rPois   .            (helmet unavailable)
rElec   .            t - +2 cloak {rCorr}
rCorr   +            v - +0 pair of gloves
SInv    +            (no boots)
Will    .....        j - amulet of reflection Stlth
                     (no ring)
HPRegen 0.29/turn    (no ring)
MPRegen 0.10/turn

%: reflection
@: mighty
A: permanent stasis, dig shafts and tunnels, antennae 3, four strong arms
a: Dig, Shaft Self


You were on level 4 of the Dungeon.
You visited 1 branch of the dungeon, and saw 4 of its levels.

You collected 219 gold pieces.

Inventory:

Hand Weapons
 a - a +0 war axe
 u - the +9 hammer "Buskaruo" (weapon) {flame, rC+ Str+3}
   (You found it on level 2 of the Dungeon)

   Str:       It affects your strength (+3).
   rC:        It protects you from cold.
Armour
 b - a +0 scale mail
 c - a +0 buckler (worn)
 i - an orb of mayhem
 p - a +0 chain mail (worn)
 t - a +2 cloak of preservation (worn)
 v - a +0 pair of gloves (worn)
Jewellery
 j - an amulet of reflection (around neck)
 k - a ring of willpower
Wands
 o - a wand of digging (3)
Scrolls
 e - a scroll of fog
 m - a scroll of magic mapping {unknown}
 n - a scroll of torment {unknown}
 q - a scroll of teleportation {unknown}
 r - 3 scrolls of identify {unknown}
 s - 2 scrolls of enchant armour {unknown}
 w - 2 scrolls of amnesia
Potions
 f - a potion of flight {unknown}
 g - 4 potions of curing {unknown}
 h - a potion of brilliance {unknown}
 l - 2 potions of berserk rage {unknown}
 x - a potion of heal wounds {unknown}
 z - a potion of lignification {unknown}


   Skills:
 * Level 4.5 Fighting
 * Level 5.2(5.3) Axes
 + Level 1.1(3.4) Maces & Flails
 * Level 4.6 Armour
 + Level 0.4 Dodging
 + Level 0.4 Stealth
 * Level 5.6 Shields


You had 6 spell levels left.
You didn't know any spells.
Your spell library contained the following spells:

 Spells                   Type           Power      Damage    Failure   Level
 Inner Flame              Hex/Fire       0%         N/A       100%        3
 Flame Wave               Conj/Fire      0%         2d4       100%        4
 Sticky Flame             Conj/Fire      0%         2d3       100%        4


Dungeon Overview and Level Annotations

Branches:
Dungeon (4/15)
 Temple: D:4-7

Altars:

Annotations:
D:4 Pikel


Innate Abilities, Weirdness & Mutations

You cannot be hasted, slowed, berserked, paralysed or teleported.
You can dig through walls and to a lower floor.
You have a pair of large antennae on your head. (SInv)
Your four strong arms can wield two-handed weapons with a shield.


Message History

You thump the lemure! You burn the lemure.
The lemure is heavily wounded.
The lemure barely misses you.
You barely miss the lemure.
The lemure is heavily wounded.
The lemure barely misses you.
You barely miss the lemure.
The lemure is heavily wounded.
A lemure comes into view.
The lemure moves out of view.
You thump Pikel! You burn Pikel.
Pikel is moderately wounded.
Pikel zaps a wand.
Your will is overpowered!
You are confused.
You bump into the rock wall.
Pikel says, "All the demons know me.
They respect me."
Pikel barely misses you. Pikel attacks as you move away!
Pikel completely misses you.
You closely miss Pikel.
Pikel is moderately wounded.
Pikel hits you but does no damage.
You bump into the rock wall.
Pikel hits you with a +0 whip of electrocution.
You are electrocuted!
You barely miss Pikel.
Pikel is moderately wounded.
You feel less confused. Pikel hits you but does no damage.
You closely miss Pikel.
Pikel is moderately wounded.
You block Pikel's attack.
Pikel zaps a wand.
You easily resist.
You hit Pikel. You burn Pikel.
Pikel is moderately wounded.
Pikel hits you but does no damage.
You are electrocuted!!
* * * LOW HITPOINT WARNING * * *
You feel very mighty all of a sudden.
Pikel hits you with a +0 whip of electrocution!
* * * LOW HITPOINT WARNING * * *
You are electrocuted!
You die...

..# ##.# #)# #.. #..# #.#
#.#####..## ##
#.###.#....... .#
..).....# #..# 5#
.......## #..# 5#
#.###..# #..# {#
#.###..####..#####5###.##
................@K5......
..###........###########.
### ##†###..## #.# #.##
#># #.# #.# #.# #.# #.#
#.# #.# #.# #.#


You could see Pikel and 2 lemures.

Vanquished Creatures
  Grinder (D:3)
  A phantom (D:4)
  Crazy Yiuf (D:2)
  Terence (D:2)
  Jessica (D:2)
  Natasha (thrice) (D:3)
  Robin (D:2)
  An adder (D:2)
  A worm (D:2)
  4 bats
  5 endoplasms
  14 goblins
  7 hobgoblins
  4 jackals (D:1)
  4 quokkas
  4 ball pythons
  3 frilled lizards
  5 kobolds
  5 rats
66 creatures vanquished.

Notes
Turn   | Place    | Note
-------+----------+-------------------------------------------
     0 | D:1      | Nick1 the Formicid Fighter began the quest for the Orb.
     0 | D:1      | Reached XP level 1. HP: 18/18 MP: 1/1
   110 | D:1      | Reached XP level 2. HP: 20/24 MP: 2/2
   508 | D:1      | Reached XP level 3. HP: 29/29 MP: 3/3
   836 | D:2      | Noticed Robin
   857 | D:2      | Killed Robin
   862 | D:2      | Reached XP level 4. HP: 26/37 MP: 4/4
   876 | D:2      | Noticed Jessica
   884 | D:2      | Killed Jessica
  1040 | D:2      | Noticed Terence
  1050 | D:2      | Killed Terence
  1051 | D:2      | Reached XP level 5. HP: 38/42 MP: 5/5
  1141 | D:2      | Found a faded altar of an unknown god.
  1142 | D:2      | Noticed a shining eye
  1148 | D:2      | Noticed an eye of devastation
  1153 | D:2      | Noticed a shining eye
  1156 | D:2      | Noticed a great orb of eyes
  1202 | D:2      | Found a runed translucent door.
  1203 | D:2      | Noticed Crazy Yiuf
  1578 | D:2      | Killed Crazy Yiuf
  1588 | D:2      | Identified the +9 hammer "Buskaruo" {flame, rC+ Str+3}
  1673 | D:3      | Noticed Grinder
  1677 | D:3      | Killed Grinder
  1678 | D:3      | Reached skill level 5 in Shields
  1678 | D:3      | Reached XP level 6. HP: 49/49 MP: 6/6
  1786 | D:3      | Reached XP level 7. HP: 55/55 MP: 7/7
  1831 | D:3      | Noticed Natasha
  1841 | D:3      | Killed Natasha
  1884 | D:3      | Noticed Natasha
  1887 | D:3      | Killed Natasha
  1888 | D:3      | Reached skill level 5 in Axes
  2015 | D:3      | Noticed Natasha
  2021 | D:3      | Killed Natasha
  2209 | D:4      | Reached skill level 1 in Maces & Flails
  2237 | D:4      | Noticed Pikel
  2249 | D:4      | Slain by Pikel

Illustrated notes

Levels and vault maps discovered:
D:1:      dpeg_arrival_round_a, layout_loops_cross, minmay_misc_feat_tiny,
          minmay_heptomino_o4
D:2:      layout_loops_ring, hellmonk_ecumenical_altar_watching_god,
          kennysheep_generic_room_2, uniq_crazy_yiuf_cottage, uniq_terence,
          uniq_robin, uniq_jessica
D:3:      layout_rooms, uniq_natasha, uniq_grinder
D:4:      layout_loops_ring, uniq_pikel, uniq_eustachio

Skill      XL: |  1  2  3  4  5  6  7 |
---------------+----------------------+-----
Fighting       | 4 |  4.5
Axes           | 3 4 5 |  5.2
Armour         | 4 |  4.6
Shields        | 5 |  5.6
Maces & Flails | 1 |  1.1
Dodging        | |  0.4
Stealth        | |  0.4

Action                     |  1- 3 |  4- 6 |  7- 9 || total
---------------------------+-------+-------+-------++-------
  Melee: War axe           |    79 |    40 |       ||   119
         Mace              |       |    13 |    34 ||    47
    Use: Scroll            |     1 |       |     2 ||     3
         Potion            |       |     1 |     1 ||     2
 Armour: Scale mail        |    31 |     8 |       ||    39
         Chain mail        |       |     4 |    12 ||    16
  Dodge: Dodged            |    49 |    12 |    10 ||    71
  Block: Buckler           |    27 |    27 |    13 ||    67
         Reflection        |       |       |     3 ||     3
